 Dungeon Crawl Stone Soup version 0.29.1 (webtiles) character file.

Game seed: 18021089529012012300

968 DemonSlayer the Firebug (level 7, -1/40 (46) HPs)
             Began as a Demonspawn Fire Elementalist on Sept 14, 2022.
             Was an Initiate of Cheibriados.
             Slain by a wight
             ... wielding a +2 short sword
              (3 damage)
             ... on level 5 of the Dungeon.
             The game lasted 00:10:08 (5580 turns).

DemonSlayer the Firebug (DsFE)                      Turns: 5580, Time: 00:10:09

HP:   -1/40 (46)    AC:  4    Str:  9    XL:     7   Next: 93%
MP:   11/15         EV: 12    Int: 20    God:    Cheibriados [......]
Gold: 321           SH:  0    Dex: 14    Spells: 4/17 levels left

rFire   + . .      SeeInvis .   m - +0 rapier
rCold   . . .      Faith    .   (no shield)
rNeg    . . .      Spirit   .   a - +0 robe
rPois   .          Reflect  .   (no helmet)
rElec   .          Harm     .   (no cloak)
rCorr   .          Rampage  .   i - +0 pair of gloves
Will    .....                   q - +0 pair of boots
Stlth   ++........              s - amulet of magic regeneration
HPRegen 0.13/turn               e - ring of protection from fire
MPRegen 0.54/turn               (no ring)

@: heavily drained, slow
A: powered by death 2
a: Renounce Religion


You were on level 5 of the Dungeon.
You worshipped Cheibriados.
Cheibriados was noncommittal.
You visited 2 branches of the dungeon, and saw 6 of its levels.

You collected 321 gold pieces.

Inventory:

Hand Weapons
 m - a +0 rapier (weapon)
Missiles
 k - 2 throwing nets
Armour
 a - a +0 robe (worn)
 i - a +0 pair of gloves (worn)
 q - a +0 pair of boots (worn)
Jewellery
 e - a ring of protection from fire (left hand)
 s - an amulet of magic regeneration (around neck)
Wands
 v - a wand of mindburst (13)
Scrolls
 f - a scroll of teleportation {unknown}
 l - a scroll of fear
 p - 2 scrolls of identify
 r - a scroll of brand weapon {unknown}
 w - a scroll of immolation
 x - a scroll of amnesia
Potions
 b - a potion of magic
 c - a potion of degeneration {unknown}
 d - a potion of flight {unknown}
 g - 2 potions of mutation
 h - a potion of cancellation {unknown}
 j - 2 potions of haste
 n - 2 potions of lignification
 o - a potion of attraction {unknown}
 t - a potion of brilliance
 u - 3 potions of curing {unknown}


   Skills:
 + Level 0.3 Fighting
 + Level 0.1 Short Blades
 + Level 2.5 Dodging
 + Level 2.5 Stealth
 + Level 5.7 Spellcasting
 + Level 2.1 Conjurations
 + Level 6.0 Fire Magic


You had 4 spell levels left.
You knew the following spells:

 Your Spells              Type           Power      Damage    Failure   Level
a - Foxfire               Conj/Fire      88%        2x1d8     1%          1
b - Scorch                Fire           60%        2d8       1%          2
c - Summon Guardian Gole  Hex/Summ       5%         N/A       32%         3
d - Conjure Flame         Conj/Fire      22%        6-21      6%          3
e - Flame Wave            Conj/Fire      22%        2d8       21%         4

Your spell library contained the following spells:

 Spells                   Type           Power      Damage    Failure   Level
 Inner Flame              Hex/Fire       17%        N/A       10%         3
 Summon Small Mammal      Summ           20%        N/A       11%         1
 Ensorcelled Hibernation  Hex/Ice        10%        N/A       16%         2
 Passwall                 Tmut/Erth      4%         N/A       16%         2
 Call Canine Familiar     Summ           5%         N/A       32%         3
 Gell's Gravitas          Tloc           5%         N/A       32%         3
 Lesser Beckoning         Tloc           5%         N/A       32%         3
 Swiftness                Air            5%         N/A       32%         3
 Teleport Other           Tloc           5%         N/A       32%         3


Dungeon Overview and Level Annotations

Branches:
Dungeon (5/15)             Temple (1/1) D:5

Altars:
Cheibriados
Fedhas
Gozag
Hepliaklqana
Kikubaaqudgha
Ru
Vehumet
Wu Jian


Innate Abilities, Weirdness & Mutations

You regenerate health from kills.


Message History

A wight is nearby!
Flames lash the wight.
The wight is almost destroyed.
The wight's fire resistance burns away.
Flames lash the wight.
The wight is burned terribly!
You destroy the wight!
Cheibriados appreciates the change of pace.
You can't see any susceptible monsters within range! (Use Z to cast anyway.)
You can't see any susceptible monsters within range! (Use Z to cast anyway.)
You can't see any susceptible monsters within range! (Use Z to cast anyway.)
You can't see any susceptible monsters within range! (Use Z to cast anyway.)
A wight comes into view. It is wielding a +2 short sword.
A wight is nearby!
A wight is nearby!
A wight is nearby!
Flames lash the wight.
The wight is moderately damaged.
The wight's fire resistance burns away.
A wight comes into view. It is wielding a +5 trident.
The wight hits you with a +2 short sword!
You feel drained.
Things that are here:
a +5 long sword; a +0 robe Flames lash the wight.
The wight is heavily damaged.
The wight's fire resistance burns away.
The wight hits you from afar with a +5 trident!
You feel drained.
The wight hits you with a +2 short sword.
* * * LOW HITPOINT WARNING * * *
You feel drained.
Okay, then.
Okay, then.
Okay, then.
Okay, then.
The wight is no longer more vulnerable to fire.
The wight hits you with a +2 short sword!
* * * LOW HITPOINT WARNING * * *
You feel drained.
You die...

#..............#
#.##.......###.#
#############.##..######
#.# ..............##..#
#.# .###############..#
#.# .# #...# ## #.# .#
#..## .. #.# ##
#..##.### #.# #.@z.z..#
#.# #.###.#.# #.# #.# ..
#.# ... .# #.# ##.# #
#.# #> ##.## #. #...# #.
#[#.##### #......[#


You could see 2 wights.

Vanquished Creatures
  An ice beast (D:5)
  A black bear (D:4)
  An ogre (D:4)
  3 phantoms (D:5)
  A wight (D:5)
  5 hounds
  2 jellies (D:5)
  An iguana (D:3)
  An orc wizard (D:4)
  5 adders
  4 gnolls (D:3)
  2 worms (D:2)
  4 dart slugs
  5 orcs
  6 bats
  7 endoplasms
  3 giant cockroaches
  8 goblins
  6 hobgoblins
  A jackal (D:2)
  4 quokkas
  7 ball pythons
  2 frilled lizards (D:1)
  3 kobolds
  4 rats
87 creatures vanquished.

Vanquished Creatures (others)
  120 foxfires
120 creatures vanquished.

Grand Total: 207 creatures vanquished

Notes
Turn   | Place    | Note
-------+----------+-------------------------------------------
     0 | D:1      | DemonSlayer the Demonspawn Fire Elementalist began the
                  | quest for the Orb.
     0 | D:1      | Reached XP level 1. HP: 13/13 MP: 3/3
   146 | D:1      | Reached skill level 3 in Fire Magic
   206 | D:1      | Gained mutation: You regenerate a little health from kills.
                  | [demonic ancestry]
   206 | D:1      | Reached XP level 2. HP: 19/19 MP: 1/5
   962 | D:1      | Reached XP level 3. HP: 24/24 MP: 2/6
   970 | D:1      | Learned a level 2 spell: Scorch
   974 | D:1      | Learned a level 3 spell: Summon Guardian Golem
  1723 | D:2      | Found a faded altar of an unknown god.
  2410 | D:3      | Reached XP level 4. HP: 25/30 MP: 0/8
  3335 | D:3      | Found an ancient bone altar of Kikubaaqudgha.
  3529 | D:3      | Reached skill level 4 in Fire Magic
  3647 | D:3      | Gained mutation: You regenerate health from kills. [demonic
                  | ancestry]
  3647 | D:3      | Reached XP level 5. HP: 35/35 MP: 6/9
  3665 | D:3      | Learned a level 3 spell: Conjure Flame
  3875 | D:3      | Found a hazy altar of Hepliaklqana.
  4140 | D:4      | Found an ornate altar of the Wu Jian Council.
  4199 | D:4      | Noticed a black bear
  4202 | D:4      | Killed a black bear
  4203 | D:4      | Reached XP level 6. HP: 41/41 MP: 5/12
  5055 | D:4      | Learned a level 4 spell: Flame Wave
  5123 | D:5      | Entered Level 5 of the Dungeon
  5147 | D:5      | Reached skill level 5 in Fire Magic
  5147 | D:5      | Reached XP level 7. HP: 46/46 MP: 8/14
  5153 | D:5      | Reached skill level 5 in Spellcasting
  5438 | D:5      | Found a staircase to the Ecumenical Temple.
  5496 | D:5      | Reached skill level 6 in Fire Magic
  5502 | Temple   | Entered the Ecumenical Temple
  5510 | Temple   | Became a worshipper of Cheibriados the Contemplative
  5580 | D:5      | HP: 2/41 [wight/+2 short sword (7)]
  5580 | D:5      | Slain by a wight

Illustrated notes

Levels and vault maps discovered:
D:1:      lordsloth_arrival_two_stooges, layout_rooms,
          dreamdust_princess_bridge, minmay_surrounded
D:2:      layout_loops_corners, hellmonk_ecumenical_altar_slurped_away,
          basic_altar, kennysheep_generic_room_13
D:3:      layout_loops_corners, nicolae_hepliaklqana_hippocampus,
          nicolae_kikubaaqudgha_miasma_corner
D:4:      layout_loops_corners, nzn_wu_jian_contemplation,
          minmay_close_crescents
D:5:      layout_loops_ring, minmay_temple_entry_sparse_star,
          minmay_ogre_servants
Temple:   nicolae_temple_bog_church

Skill      XL: |  1  2  3  4  5  6  7 |
---------------+----------------------+-----
Fire Magic     | 3 4 5 6 |  6.0
Conjurations   | 2 |  2.1
Spellcasting   | 3 4 5 |  5.7
Stealth        | 2 |  2.5
Dodging        | 2 |  2.5
Fighting       | |  0.3
Short Blades   | |  0.1

Action                   |  1- 3 |  4- 6 |  7- 9 || total
-------------------------+-------+-------+-------++-------
Melee: Dagger            |     6 |     6 |       ||    12
       Rapier            |       |    13 |     3 ||    16
 Cast: Foxfire           |    63 |       |       ||    63
       Scorch            |    15 |    65 |    28 ||   108
  Use: Scroll            |       |    11 |       ||    11
 Stab: Sleeping          |     2 |       |       ||     2
Armor: Robe              |     5 |     8 |     6 ||    19
Dodge: Dodged            |    16 |    26 |     2 ||    44
